AoeStats
← ZEAN430

African Clearing

510434116Analyzed
2v2 RM · 2d ago on Oct 1, 2026· 36m 13s· 4 players
Game mode
Random Map
Map size
Medium (4 player)
Population
200
Speed
Normal
Resources
Standard
Victory
Conquest
Starting age
Dark Age
Ending age
Imperial Age
RankedLock teamsTeams togetherTeam positionsShared explorationLock speedFull tech treeHidden civsTurbo modeCheats
Victory
Defeat
🇵🇪 Mongols · Peru
1563
+14
🇵🇪 Chinese · Peru
1488
+17
🇦🇷 Varangians · Argentina
1550
-17
🇨🇱 Huns · Chile
1479
-14
[CL] TheCobra
12:13 Feudal Age
10:31 Loom
12:17 Feudal Age
16:46 Castle Age
15:19 Double-Bit Axe
16:10 Fletching
20:13 Bodkin Arrow
26:04 Ballistics
27:02 Husbandry
30:09 Bloodlines
34:01 Padded Archer Armor
ROCKMAN 4
8:57 Loom
11:41 Feudal Age
12:53 Double-Bit Axe
17:20 Horse Collar
22:22 Castle Age
21:16 Bloodlines
21:28 Scale Barding Armor
22:12 Forging
23:27 Husbandry
23:29 Gold Mining
27:59 Chain Barding Armor
35:52 Wheelbarrow
ZEAN430
2:57 Loom
11:27 Feudal Age
16:13 Castle Age
17:34 Wheelbarrow
17:55 Double-Bit Axe
19:43 Fletching
22:04 Padded Archer Armor
23:01 Town Watch
24:17 Bodkin Arrow
24:37 Leather Archer Armor
24:46 Ballistics
25:54 Leather Archer Armor
30:09 Hand Cart
36:01 Imperial Age
34:54 Horse Collar
35:15 Scale Mail Armor
35:26 Forging
35:44 Heavy Plow
35:54 Bow Saw
37:12 Conscription
The_Father_92
11:41 Loom
13:33 Feudal Age
17:37 Castle Age
15:46 Double-Bit Axe
16:26 Horse Collar
16:59 Gold Mining
17:10 Fletching
20:12 Bodkin Arrow
23:35 Ballistics
23:40 Padded Archer Armor
24:50 Bow Saw
27:05 Husbandry
29:32 Bloodlines
31:30 Thumb Ring
34:12 Leather Archer Armor
35:49 Town Watch
36:43 Wheelbarrow
Connection lost

Rejoining the realm…

Still unreachable

The connection could not be restored.

Session expired

The server has moved on; the page needs a fresh start.